 Dungeon Crawl Stone Soup version 0.24.0-41-g2ae2f7f1be (webtiles) character file.

Game seed: 14793984345165919983, levelgen mode: deterministic

6055 Klint the Cleaver (level 10, -5/145 HPs)
             Began as a Minotaur Fighter on Dec 15, 2019.
             Was a Believer of the Shining One.
             Slain by an 11-headed hydra (8 damage)
             ... on level 1 of the Lair of Beasts.
             The game lasted 01:34:56 (8163 turns).

Klint the Cleaver (Minotaur Fighter)                Turns: 8163, Time: 01:34:57

Health: -5/145     AC: 25    Str: 25    XL:     10   Next: 57%
Magic:  9/9        EV:  2    Int:  9    God:    the Shining One [**....]
Gold:   287        SH: 12    Dex: 11    Spells: 9/9 levels left

rFire    . . .     SeeInvis .   a - +3 war axe
rCold    . . .     Gourm    .   c - +0 shield
rNeg     + + +     Faith    .   (armour currently unavailable)
rPois    +         Spirit   .   (helmet currently unavailable)
rElec    .         Reflect  .   (cloak currently unavailable)
rCorr    .         Harm     .   (gloves currently unavailable)
MR       +....     NoTele   +   (boots currently unavailable)
Stlth    +.........             I - amulet of regeneration
HPRegen  0.74/turn              S - ring of protection from magic
MPRegen  0.11/turn              v - +4 ring of intelligence

@: tree-form, very slightly contaminated, glowing, invisible (but backlit and
visible)
A: (retaliatory headbutt), agile 1, robust 1
a: Divine Shield, Renounce Religion


You were on level 1 of the Lair of Beasts.
You worshipped the Shining One.
The Shining One was pleased with you.
You were not hungry.
You were a tree.
You visited 3 branches of the dungeon, and saw 11 of its levels.

You collected 287 gold pieces.

Inventory:

Hand Weapons
 a - a +3 war axe (weapon)
 n - a +2 mace of holy wrath
 y - a cursed +2 falchion of freezing
 z - a +3 hand axe
 C - a +3 vampiric short sword
 H - a +0 hand axe of venom
 J - a -1 executioner's axe
 L - a +3 hand axe
 N - a +1 trident of protection
 R - a +0 dagger of venom
Missiles
 e - 6 boomerangs
 m - 250 stones
 B - 28 poisoned darts (quivered)
Armour
 b - a +0 scale mail
 c - a +0 shield (worn)
 g - a +0 pair of boots (melded)
 h - a +0 ring mail
 k - a cursed +0 ring mail
 o - a +0 ring mail
 s - a +0 ring mail
 u - a +0 chain mail of magic resistance
 G - a +3 chain mail of poison resistance (melded)
 K - a +0 leather armour
 M - a +1 chain mail
 Q - a +0 cloak (melded)
 U - a +0 pair of gloves (melded)
 W - a +0 robe
 Y - a +2 ring mail of magic resistance
 Z - a +0 robe
Jewellery
 v - a +4 ring of intelligence (right branch)
 I - an amulet of regeneration (around neck)
 S - a ring of protection from magic (left branch)
 V - a +6 ring of intelligence
Wands
 D - a wand of flame (13)
Scrolls
 i - a scroll of fear
 j - a scroll of magic mapping
 l - 2 scrolls of remove curse
 p - 2 scrolls of amnesia
 t - 3 scrolls of identify
 A - 5 scrolls of teleportation
Potions
 d - 2 potions of might
 r - 2 potions of lignification
 w - 3 potions of brilliance
 x - a potion of agility {unknown}
 E - 2 potions of mutation
 F - a potion of haste
 T - a potion of curing {unknown}
 X - a potion of flight {unknown}
Miscellaneous
 q - a lamp of fire
Comestibles
 f - 14 rations


   Skills:
 + Level 8.3 Fighting
 + Level 12.6 Axes
 + Level 0.7 Throwing
 + Level 8.3 Armour
 + Level 4.0 Dodging
 + Level 0.2 Stealth
 + Level 9.1 Shields


You had 9 spell levels left.
You didn't know any spells.
Your spell library contained the following spells:

 Spells                   Type           Power        Failure   Level  Hunger
 Flame Tongue             Conj/Fire      #....        65%         1    ##.....
 Magic Dart               Conj           #...         65%         1    ##.....
 Blink                    Tloc           N/A          78%         2    ###....
 Call Imp                 Summ           #.......     78%         2    ###....
 Slow                     Hex            #.......     78%         2    ###....
 Throw Flame              Conj/Fire      #.....       78%         2    ###....
 Conjure Flame            Conj/Fire      #.......     95%         3    ####...
 Inner Flame              Hex/Fire       #.......     95%         3    ####...
 Mephitic Cloud           Conj/Pois/Air  #.......     95%         3    ####...
 Sticky Flame             Conj/Fire      #.......     100%        4    #####..
 Bolt of Magma            Conj/Fire/Erth #.........   100%        5    ######.
 Fireball                 Conj/Fire      #.........   100%        5    ######.
 Iskenderun's Battlesphe  Conj/Chrm      #.......     100%        5    ######.
 Venom Bolt               Conj/Pois      #.........   100%        5    ######.
 Iron Shot                Conj/Erth      #.........   100%        6    #######
 Orb of Destruction       Conj           #.........   100%        7    #######
 Spellforged Servitor     Conj/Summ      #.........   100%        7    #######


Dungeon Overview and Level Annotations

Branches:
Dungeon (9/15)             Temple (1/1) D:7            Lair (1/6) D:9
    Orc: D:9-12

Altars:
Ashenzari
Cheibriados
Dithmenos
Elyvilon
Gozag
Hepliaklqana
Kikubaaqudgha
Makhleb
Nemelex Xobeh
Okawaru
Qazlal
Ru
Sif Muna
Trog
Uskayaw
Vehumet
Wu Jian
Yredelemnul
Zin
The Shining One

Shops:
D:7 [

Annotations:
D:1 X
D:4 1 runed translucent door, Esos's ghost, amateur DgIE
D:7 1 exclusion


Innate Abilities, Weirdness & Mutations

((You reflexively headbutt those who attack you in melee.))
((You have a pair of horns on your head.))
You are agile. (Dex +2)
You are robust. (+10% HP)


Message History

The 11-headed hydra bites you but does no damage. x2
The 11-headed hydra barely misses you.
The 11-headed hydra bites you but does no damage.
The 11-headed hydra bites you!
* * * LOW HITPOINT WARNING * * *
The 11-headed hydra barely misses you. You block the 11-headed hydra's attack.
It was a potion of invisibility.
You become transparent, but the glow from your halo prevents you from becoming completely invisible.
The 11-headed hydra bites you but does no damage. x3
You block the 11-headed hydra's attack.
The 11-headed hydra bites you but does no damage.
You block the 11-headed hydra's attack. x2
The 11-headed hydra bites you but does no damage. x2
You block the 11-headed hydra's attack. The 11-headed hydra barely misses you.
You are very lightly contaminated with residual magic.
It was a potion of mutation.
You feel extremely strange.
You feel robust.
You feel agile.
The 11-headed hydra bites you but does no damage. x2
You block the 11-headed hydra's attack. The 11-headed hydra bites you!
You die...

##...# ....
#####....#
#..>
.....[..#
.#.
.......##
##..### ###.
.......##
..#..#.(..#
..†...[.#
###.........
........##
#....#
.........#
#..D##
........##
##.♣.#
.......##
#P..##
.......#
##...#
.......#
##.[.#
......##
#....#
.....##
##...#
####.#
#...## #..#
##.#.# ##..#
##...##


You could see a 11-headed hydra.

Vanquished Creatures
  2 two-headed ogres
  2 spiny frogs (Lair:1)
  A hippogriff (D:3)
  3 yaks (D:9)
  A water moccasin (Lair:1)
  A sky beast (D:6)
  2 ice beasts
  Duvessa (D:4)
  2 phantoms
  A black bear (D:9)
  7 ogres
  2 centaurs
  A crocodile (Lair:1)
  A bullfrog (D:7)
  A gnoll sergeant (D:5)
  Dowan (D:4)
  A wyvern skeleton (D:6)
  7 scorpions
  4 killer bees (D:7)
  3 wights (D:6)
  A howler monkey (D:8)
  4 crimson imps
  2 centaur zombies
  4 hounds
  A jelly (D:8)
  An iguana (D:8)
  2 bullfrog skeletons
  Ijyb (D:4)
  7 worker ants
  5 orc wizards
  A hound skeleton (D:5)
  5 gnolls (D:5)
  16 adders
  2 shadow imps
  An ooze (D:6)
  An adder skeleton (D:8)
  3 worms
  2 dart slugs
  2 leopard geckos
  17 orcs
  9 giant cockroaches
  6 goblins
  8 hobgoblins
  18 jackals
  9 kobolds
  4 quokkas
  3 ball pythons
  11 bats
  8 frilled lizards
  2 leopard gecko zombies (D:8)
  A quokka zombie (D:9)
  8 rats
  8 fungi (D:8)
  2 plants (D:3)
219 creatures vanquished.

Vanquished Creatures (others)
  3 plants (D:3)
3 creatures vanquished.

Grand Total: 222 creatures vanquished

Notes
Turn   | Place    | Note
-------+----------+-------------------------------------------
     0 | D:1      | Klint the Minotaur Fighter began the quest for the Orb.
     0 | D:1      | Reached XP level 1. HP: 19/19 MP: 0/0
   453 | D:1      | Reached XP level 2. HP: 26/27 MP: 1/1
   966 | D:1      | Reached XP level 3. HP: 33/33 MP: 2/2
  1784 | D:2      | Reached skill level 3 in Axes
  1877 | D:2      | Reached XP level 4. HP: 31/41 MP: 3/3
  2549 | D:3      | Reached XP level 5. HP: 39/47 MP: 4/4
  2980 | D:3      | Reached skill level 4 in Axes
  3006 | D:3      | Noticed a hippogriff
  3044 | D:3      | Killed a hippogriff
  3044 | D:3      | Reached skill level 5 in Fighting
  3044 | D:3      | Reached skill level 5 in Axes
  3044 | D:3      | Reached skill level 5 in Armour
  3044 | D:3      | Reached skill level 1 in Dodging
  3044 | D:3      | Reached skill level 5 in Shields
  3044 | D:3      | Reached XP level 6. HP: 36/56 MP: 5/5
  3373 | D:3      | Noticed an ice beast
  3386 | D:3      | Killed an ice beast
  3386 | D:3      | Reached skill level 6 in Axes
  3386 | D:3      | Reached XP level 7. HP: 40/61 MP: 6/6
  3571 | D:4      | Noticed Ijyb
  3580 | D:4      | Paralysed by Ijyb for 6 turns
  3594 | D:4      | Paralysed by Ijyb for 5 turns
  3603 | D:4      | Killed Ijyb
  3691 | D:4      | Noticed Esos's ghost (amateur DgIE)
  3715 | D:4      | Found a runed translucent door.
  3925 | D:4      | Noticed Duvessa
  3925 | D:4      | Noticed Dowan
  3945 | D:4      | Killed Duvessa
  3956 | D:4      | Killed Dowan
  4387 | D:5      | Entered Level 5 of the Dungeon
  4434 | D:5      | Reached skill level 7 in Axes
  4961 | D:5      | Reached XP level 8. HP: 21/69 MP: 7/7
  5261 | D:5      | Found a glowing golden altar of the Shining One.
  5269 | D:5      | Became a worshipper of the Shining One
  5318 | D:6      | Reached skill level 8 in Axes
  5434 | D:6      | Found an ornate altar of the Wu Jian Council.
  5876 | D:6      | Reached skill level 9 in Axes
  5928 | D:6      | Reached * piety under the Shining One
  5938 | D:6      | Found a white marble altar of Elyvilon.
  6048 | D:6      | Reached XP level 9. HP: 78/78 MP: 8/8
  6169 | D:7      | Found a staircase to the Ecumenical Temple.
  6193 | Temple   | Entered the Ecumenical Temple
  6552 | D:7      | Reached skill level 10 in Axes
  6690 | D:7      | Found Waylann's Armour Shoppe.
  6721 | D:7      | Found an opulent altar of Gozag.
  6844 | D:7      | Found a snail-covered altar of Cheibriados.
  7443 | D:8      | Noticed a two-headed ogre
  7453 | D:8      | Killed a two-headed ogre
  7453 | D:8      | Reached skill level 11 in Axes
  7802 | D:9      | Reached XP level 10. HP: 86/86 MP: 9/9
  7867 | D:9      | Found a staircase to the Lair.
  7880 | D:9      | Noticed a two-headed ogre
  7889 | D:9      | Killed a two-headed ogre
  7889 | D:9      | Reached skill level 12 in Axes
  7967 | D:9      | Reached ** piety under the Shining One
  8033 | Lair:1   | Entered Level 1 of the Lair of Beasts
  8034 | Lair:1   | Noticed a spiny frog
  8045 | Lair:1   | Killed a spiny frog
  8097 | Lair:1   | Noticed a spiny frog
  8105 | Lair:1   | Killed a spiny frog
  8144 | Lair:1   | Noticed a four-headed hydra
  8161 | Lair:1   | HP: 2/133 [11-headed hydra (7)]
  8163 | Lair:1   | Gained mutation: You are robust. (+10% HP) [potion of
                  | mutation]
  8163 | Lair:1   | Gained mutation: You are agile. (Dex +2) [potion of
                  | mutation]
  8163 | Lair:1   | Slain by an 11-headed hydra

Levels and vault maps discovered:
D:1:      ncdulo_watergridlock, layout_loops_corners
D:2:      layout_loops_corners
D:3:      layout_rooms, serial_bayou_lagoon_a, kennysheep_generic_room_8
D:4:      layout_basic, hellmonk_ghost_happy_afterlife, uniq_ijyb, uniq_duvessa
D:5:      layout_cave_pools, overflow_temple_1_default, first_ration
D:6:      layout_gridville, nicolae_overflow_crystal_walls,
          overflow_temple_1_default, minmay_misc_feat_rows
D:7:      layout_basic, slow_altar_2, minmay_temple_entry_nine_rooms,
          serial_shops, nicolae_shop_trees,
          nicolae_gozag_cash_rules_everything_around_me
D:8:      old_forge, layout_gridville
D:9:      kennysheep_orc_sif_temple, layout_basic, minitemple,
          dpeg_oklobed_lair, grunt_ogre_cave
Temple:   lightli_temple_of_artemis
Lair:1:   layout_concentric_octagons

Skill      XL: |  1  2  3  4  5  6  7  8  9 10 |
---------------+-------------------------------+-----
Armour         | 4 5 6 7 8 |  8.3
Fighting       | 4 5 6 7 8 |  8.3
Shields        | 4 5 6 7 8 9 |  9.1
Axes           | 3 5 6 7 9 11 12 | 12.6
Dodging        | 1 3 4 |  4.0
Throwing       | |  0.7
Stealth        | |  0.2

Action                   |  1- 3 |  4- 6 |  7- 9 | 10-12 || total
-------------------------+-------+-------+-------+-------++-------
Melee: War axe           |   112 |   188 |   314 |    77 ||   691
       Headbutt          |     6 |    33 |    55 |    14 ||   108
Throw: Stone             |       |    12 |       |       ||    12
  Use: Scroll            |     6 |     2 |    11 |       ||    19
       Potion            |     1 |     1 |     2 |     3 ||     7
  Eat: Chunk             |     1 |     2 |     2 |     2 ||     7
       Ration            |     1 |     1 |     3 |       ||     5
Armor: Scale mail        |    47 |    59 |       |       ||   106
       Chain mail        |       |    37 |   120 |    56 ||   213
       Skin              |       |       |       |    13 ||    13
Dodge: Dodged            |    45 |    48 |    64 |    23 ||   180
Block: Shield            |    59 |    96 |   147 |    46 ||   348
